 Dungeon Crawl Stone Soup version 0.32-a0-20-ge526923d97 (webtiles) character file.

Game seed: 17735798691906080211

1786 bobo the Ruffian (level 9, -13/63 HPs)
             Began as an Octopode Shapeshifter on Jan 17, 2024.
             Was a Follower of Uskayaw.
             Engulfed by a cloud of freezing vapour (17 damage)
             ... on level 6 of the Dungeon.
             The game lasted 00:23:26 (5676 turns).

bobo the Ruffian (Octopode Shapeshifter)            Turns: 5676, Time: 00:23:26

Health: -13/63     AC:  5    Str: 17    XL:     9   Next: 8%
Magic:  10/10      EV: 13    Int: 12    God:    Uskayaw [*.....]
Gold:   371        SH:  0    Dex: 12    Spells: 8/8 levels left

rFire   . .          .
                       - Unarmed
rCold   . . .        (no shield)
rNeg    + . .        (helmet currently unavailable)
rPois   .            f - amulet of magic regeneration
rElec   .            m - ring of wizardry
rCorr   .            s - ring of positive energy
SInv    .            h - +4 ring of protection
Will    .....        D - +4 ring of slaying
Stlth   +++          (no ring)
HPRegen 0.30/turn    (no ring)
MPRegen 0.52/turn    (no ring)
                     (no ring)

%: wizardry (x1)
@: beast-form
A: beast (slay +2), almost no armour, amphibious, 8 rings, camouflage 1,
gelatinous body 1, (nimble swimmer 1), tentacles
a: Begin Untransformation, Renounce Religion, Stomp


You were on level 6 of the Dungeon.
You worshipped Uskayaw.
Uskayaw was noncommittal.
You were a hulking beast.
You visited 1 branch of the dungeon, and saw 6 of its levels.
You also visited: Sewer.

You collected 371 gold pieces.

Inventory:

Missiles
 j - 9 boomerangs (quivered)
 k - 46 stones
 A - 2 poisoned darts
 F - 3 javelins
Jewellery
 f - an amulet of magic regeneration (around mantle)
 h - a +4 ring of protection (on tentacle)
 m - a ring of wizardry (left tentacle)
 s - a ring of positive energy (right tentacle)
 D - a +4 ring of slaying (on tentacle)
Talismans
 b - a beast talisman
 c - a flux talisman
Scrolls
 d - a scroll of immolation {unknown}
 e - 2 scrolls of fog
 g - 2 scrolls of blinking {unknown}
 p - 2 scrolls of teleportation {unknown}
 r - a scroll of noise {unknown}
 w - a scroll of fear {unknown}
 y - 2 scrolls of identify
 z - a scroll of amnesia {unknown}
 B - a scroll of enchant weapon {unknown}
 C - a scroll of enchant armour {unknown}
 E - a scroll of vulnerability {unknown}
Potions
 a - 2 potions of lignification
 i - a potion of curing {unknown}
 l - 2 potions of invisibility
 n - a potion of berserk rage {unknown}
 o - a potion of attraction {unknown}
 q - a potion of enlightenment {unknown}
 t - 2 potions of brilliance
 u - 2 potions of magic
 v - a potion of haste {unknown}
 x - 2 potions of might {unknown}


   Skills:
 * Level 6.4 Fighting
 - Level 3.5 Throwing
 - Level 2.0 Dodging
 - Level 3.0 Stealth
 * Level 7.2 Unarmed Combat
 + Level 2.1 Invocations
 + Level 5.0 Shapeshifting


You had 8 spell levels left.
You didn't know any spells.
Your spell library contained the following spells:

 Spells                   Type           Power      Damage    Failure   Level
 Apportation              Tloc           0%         N/A       13%         1
 Necrotise                Necr           0%         1d4       13%         1
 Sting                    Conj/Alch      0%         1d3       13%         1
 Summon Small Mammal      Summ           0%         N/A       13%         1
 Call Imp                 Summ           0%         N/A       21%         2
 Ensorcelled Hibernation  Hex/Ice        0%         N/A       21%         2
 Sublimation of Blood     Necr           0%         N/A       21%         2
 Dazzling Flash           Conj/Hex       0%         N/A       36%         3
 Mephitic Cloud           Conj/Alch/Air  0%         N/A       36%         3
 Passwall                 Erth           0%         N/A       36%         3
 Stone Arrow              Conj/Erth      0%         3d7       36%         3
 Swiftness                Air            0%         N/A       36%         3
 Curse of Agony           Necr           0%         N/A       97%         5
 Silence                  Hex/Air        0%         N/A       97%         5
 Summon Hydra             Summ           0%         N/A       100%        7
 Lehudib's Crystal Spear  Conj/Erth      0%         10d2      100%        8
 Animate Armour           Summ/Erth      Unusable   N/A       N/A         4

Dungeon Overview and Level Annotations

Branches:
Dungeon (6/15)              Sewer (visited)
 Temple: D:4-7

Altars:
Uskayaw
Wu Jian


Innate Abilities, Weirdness & Mutations

You are a hulking beast.
Your limbs bulge with bestial killing power. (Slay +2)
You cannot wear most types of armour.
You are amphibious.
You can wear up to eight rings at the same time.
Your skin changes colour to match your surroundings (Stealth+).
Your rubbery body absorbs attacks. (AC +1, EV +1)
((You are camouflaged when in or above water. (Stealth+)))
You have tentacles for arms and can constrict up to eight enemies at once.


Message History

You throw a poisoned dart.
The poisoned dart closely misses the scorpion.
Throw: dart (poison)
Press: ? - help, Shift-Dir - straight line, f/p - scorpion
Aim: a scorpion (67% to hit)
You throw a poisoned dart. The poisoned dart hits the scorpion.
The scorpion is poisoned.
Okay, then.
You throw a boomerang. The boomerang hits the scorpion!
The scorpion is heavily wounded.
You throw a boomerang.
The boomerang hits the scorpion and shatters for extra damage!
You kill the scorpion!
You can now pass through a line of other dancers.
A - a poisoned dart
A - 2 poisoned darts (gained 1)
You now have 371 gold pieces (gained 20).
Found a stone staircase leading down.
You open the door. You open the door.
Found a stone staircase leading up.
You see here a +0 robe.
There is an open door here.
Found a leather armour.
You see here a +0 leather armour.
You open the door.
Okay, then.
Okay, then.
There is an open door here.
You are engulfed in freezing vapours.
You are engulfed in freezing vapours.
You start resting.
You are engulfed in freezing vapours.
* * * LOW HITPOINT WARNING * * *
You start resting.
You are engulfed in freezing vapours.
* * * LOW HITPOINT WARNING * * *
It was a potion of magic.
Magic courses through your body.
You are engulfed in freezing vapours.
You die...

..........####.##
#.............
..........# #..#
#.....#.#.....
.....###### ##.#
#.............
..[..# #.#
#..........#..
.....# #.#
#..........#..
######
#.####..........#..
#...............#..
######.#####.####..
##h☼☼#.## #.# #..
##§#☼#..# #.# #..
##§#☼##.####.# #..
##§#.##...##.####..
##§#☼#......<......
##§#☼#...........##
##§#☼#...........#
##§#§#...........#
##.#.#...........#


There were no monsters in sight!

Vanquished Creatures
  Eustachio (D:5)
  Menkaure (D:4)
  A steam dragon (D:6)
  2 water moccasins (D:6)
  Edmund (D:5)
  An ice beast (D:6)
  A centaur (D:6)
  A bullfrog (D:6)
  2 scorpions
  A howler monkey (D:6)
  2 bombardier beetles
  3 hounds
  An orc priest (D:6)
  2 iguanas
  A jelly (D:5)
  A sleepcap (D:5)
  Natasha (D:4)
  An orc wizard (D:5)
  12 adders
  8 river rats (Sewer)
  2 white imps
  2 dart slugs (D:4)
  3 ribbon worms
  10 orcs
  4 endoplasms
  8 giant cockroaches
  9 goblins
  9 hobgoblins
  6 jackals (D:2)
  5 quokkas
  16 ball pythons
  5 bats
  8 frilled lizards
  18 kobolds
  26 rats
175 creatures vanquished.

Notes
Turn   | Place    | Note
-------+----------+-------------------------------------------
     0 | D:1      | bobo the Octopode Shapeshifter began the quest for the Orb.
     0 | D:1      | Reached XP level 1. HP: 13/13 MP: 1/1
   197 | D:1      | Reached XP level 2. HP: 18/18 MP: 2/2
   460 | D:1      | Reached skill level 1 in Stealth
   714 | D:2      | Reached XP level 3. HP: 23/23 MP: 3/3
  1075 | D:2      | Reached skill level 1 in Throwing
  1075 | D:2      | Reached XP level 4. HP: 29/29 MP: 4/4
  1257 | D:3      | Found a hide-covered altar of Uskayaw.
  1271 | D:3      | Became a worshipper of Uskayaw the Reveller
  1335 | D:3      | Reached * piety under Uskayaw
  1339 | D:3      | Reached ** piety under Uskayaw
  1532 | D:3      | Reached XP level 5. HP: 33/35 MP: 5/5
  1930 | D:3      | Reached skill level 4 in Unarmed Combat
  2641 | D:4      | Found a glowing drain.
  2656 | Sewer    | Entered a sewer
  2682 | Sewer    | Reached XP level 6. HP: 18/41 MP: 6/6
  2789 | Sewer    | Reached *** piety under Uskayaw
  2797 | Sewer    | Reached **** piety under Uskayaw
  2805 | Sewer    | Reached ***** piety under Uskayaw
  3127 | Sewer    | Identified the +2 pair of gloves "Popp" {rN+ Int+3 Stlth-}
  3590 | D:4      | Found an ornate altar of the Wu Jian Council.
  3590 | D:4      | Noticed Natasha
  3591 | D:4      | Noticed Menkaure
  3629 | D:4      | Killed Natasha
  3635 | D:4      | Killed Menkaure
  3636 | D:4      | Reached skill level 5 in Unarmed Combat
  3636 | D:4      | Reached XP level 7. HP: 40/47 MP: 7/7
  3742 | D:5      | Entered Level 5 of the Dungeon
  4074 | D:5      | Noticed Edmund
  4087 | D:5      | Killed Edmund
  4199 | D:5      | Identified the +4 trident of Brawling {holy, rF++ Str+2}
  4357 | D:5      | Noticed Eustachio
  4368 | D:5      | Killed Eustachio
  4369 | D:5      | Reached skill level 5 in Fighting
  4369 | D:5      | Reached XP level 8. HP: 33/55 MP: 8/8
  4464 | D:5      | Reached skill level 6 in Unarmed Combat
  4975 | D:6      | Reached skill level 1 in Invocations
  5242 | D:6      | Reached skill level 7 in Unarmed Combat
  5242 | D:6      | Reached skill level 5 in Shapeshifting
  5242 | D:6      | Reached XP level 9. HP: 14/63 MP: 10/10
  5675 | D:6      | HP: 3/63 [something (26)]
  5676 | D:6      | Engulfed by a cloud of freezing vapour

Illustrated notes

Levels and vault maps discovered:
D:1:      minmay_arrival_widening_spiral_wide, layout_loops_ring
D:2:      layout_rooms, st_stairs_7
D:3:      minmay_inner_zag, layout_basic, overflow_temple_1_default
D:4:      layout_loops_ring, nicolae_wu_jian_immortal_techniques,
          cheibrodos_sewer_entry_sluice, chequers_serial_rivers_small_a,
          minmay_crystal_room, uniq_menkaure, uniq_natasha
D:5:      layout_rooms, hex_tiny, uniq_edmund, uniq_eustachio
D:6:      lemuel_ice_spiral_2, layout_basic, hangedman_decor_points

Skill      XL: |  1  2  3  4  5  6  7  8 |
---------------+-------------------------+-----
Stealth        | 1 2 3 |  3.0
Fighting       | 2 3 5 6 |  6.4
Throwing       | 1 2 3 |  3.5
Unarmed Combat | 4 5 7 |  7.2
Shapeshifting  | 4 5 |  5.0
Invocations    | 2 |  2.1
Dodging        | |  2.0

Action                     |  1- 3 |  4- 6 |  7- 9 || total
---------------------------+-------+-------+-------++-------
  Melee: Unarmed           |    73 |   185 |    84 ||   342
         Constrict         |    20 |    45 |    20 ||    85
         Tentacles         |    15 |    28 |    27 ||    70
         Punch             |       |     2 |     4 ||     6
  Throw: Dart              |     5 |     1 |     6 ||    12
         Boomerang         |       |       |    18 ||    18
         Stone             |       |       |     8 ||     8
    Use: Scroll            |       |     4 |     2 ||     6
         Potion            |       |       |     1 ||     1
   Stab: Sleeping          |     6 |    11 |     3 ||    20
         Distracted        |     1 |     1 |       ||     2
         Paralysed         |       |     3 |     6 ||     9
 Armour: Skin              |    19 |    76 |    57 ||   152
  Dodge: Dodged            |    39 |    90 |    45 ||   174

Table legend: (Time is in decaauts)
 A = Elapsed time spent in this place.
 B = Non-inter-level travel time spent in this place.
 C = Inter-level travel time spent in this place.
 D = Time resting spent in this place.
 E = Time spent auto-exploring this place.
 F = Levels seen in this place.
 G = Mean time per level.
                   A        B        C        D        E       F      G
               +--------+--------+--------+--------+--------+-----+--------+
         Total |   5646 |   5559 |     87 |    440 |   3604 |   7 |  806.6 |
       Dungeon |   5070 |   4983 |     87 |    281 |   3429 |   6 |  845.0 |
         Sewer |    575 |    575 |      0 |    159 |    175 |   1 |  575.0 |
               +--------+--------+--------+--------+--------+-----+--------+

Top non-repeatable levels by time:
     D:3: 1081 daAuts
     D:6: 1080 daAuts
     D:5: 842 daAuts
     D:4: 832 daAuts
     D:1: 678 daAuts
   Sewer: 575 daAuts
     D:2: 554 daAuts
